 Dungeon Crawl Stone Soup version 0.19-a0-1922-g1e9a4c1 (webtiles) character file.

39 witty the Skirmisher (level 3, 0/33 HPs)
             Began as a Ghoul Monk on Oct 24, 2016.
             Slain by Terence
             ... wielding a +5 mace of protection
              (11 damage)
             ... on level 2 of the Dungeon.
             The game lasted 00:01:55 (932 turns).

witty the Skirmisher (Ghoul Monk)                    Turns: 932, Time: 00:01:55

Health: 0/33       AC:  5    Str: 14    XL:     3   Next: 45%
Magic:  2/2        EV: 13    Int:  5    God:
Gold:   71         SH:  0    Dex: 12    Spells: 0 memorised, 2 levels left

rFire  . . .     SeeInvis .       - Unarmed
rCold  + . .     Gourm    .     a - +0 robe
rNeg   + + +     Faith    .     (no shield)
rPois  ∞         Spirit   .     m - +2 hat
rElec  .         Reflect  .     (no cloak)
rCorr  .         Harm     .     (no gloves)
MR     .....                    k - +0 pair of boots
Stlth  ++........               (no amulet)
                                (no ring)
                                (no ring)

@: rotting
A: rotting body, claws 1, carnivore 3, cold resistance 1, negative energy
resistance 3, slow regeneration 1, torment resistance, unbreathing
a: no special abilities


You were on level 2 of the Dungeon.
You were not hungry.

You visited 1 branch of the dungeon, and saw 2 of its levels.

You collected 71 gold pieces.

Inventory:

Armour
 a - a +0 robe (worn)
 k - a +0 pair of boots (worn)
   (You found it on level 2 of the Dungeon)
 m - a +2 hat (worn)
   (You found it on level 2 of the Dungeon)
Scrolls
 c - a scroll of immolation {unknown}
 e - a scroll of identify {unknown}
 h - a scroll of fog {unknown}
 i - 3 scrolls of remove curse
 j - a scroll of fear {unknown}
Potions
 d - a potion of curing {unknown}
 g - a potion of flight {unknown}
Comestibles
 b - a meat ration {@e2}
 f - a beef jerky
 l - 2 chunks of flesh {@w0}


   Skills:
 + Level 4.1 Fighting
 - Level 2.6 Dodging
 - Level 2.1 Stealth
 + Level 4.1 Unarmed Combat


You had 2 spell levels left.
You didn't know any spells.

Dungeon Overview and Level Annotations

Branches:
Dungeon (2/15)

Altars:

Annotations:
D:2 Terence


Innate Abilities, Weirdness & Mutations

Your body is rotting away.
You thrive on raw meat.
You are immune to poison.
You have sharp fingernails.
You are carnivorous and can eat meat at any time.
Your flesh is cold resistant. (rC+)
You are immune to negative energy. (rN+++)
You regenerate slowly when monsters are visible.
You are immune to unholy pain and torment.
You can survive without breathing.


Message History

You barely miss the rat. The rat closely misses you.
You scratch the rat.
You kill the rat!
No target in view!
No target in view!
k - a pair of boots There isn't anything here!
You see here a rat corpse.
You butcher the rat corpse.
l - a chunk of flesh {@w0} You see here a rat skeleton.
You start putting on your armour.
You continue putting on your pair of boots. x4
You finish putting on your cursed +0 pair of boots.
Oops, that feels deathly cold.
A ball python comes into view.
A ball python is nearby!
A ball python is nearby!
A ball python is nearby!
No target in view!
No target in view!
No target in view!
No target in view!
The ball python hisses angrily.
You claw the ball python!
You kill the ball python!
No target in view!
No target in view!
No target in view!
A rat comes into view.
A bat comes into view.
Found an escape hatch in the floor.
Terence the Incautious comes into view.
He is wielding a mace of protection.
The rat twitches its whiskers.
You see here an embroidered hat.
m - an embroidered hat The bat hits you.
You take 1 damage, and have 32/33 hp.
The bat misses you. The bat hits you but does no damage.
The bat hits you but does no damage. The bat hits you but does no damage.
You miss the bat. The bat misses you. The bat hits you but does no damage.
You scratch the bat.
You kill the bat!
Your Unarmed Combat skill increases to level 4!
You scratch the rat.
You kill the rat!
No target in view!
No target in view!
You see here a rat corpse.
You butcher the rat corpse.
l - 2 chunks of flesh {@w0} (gained 1)
There isn't anything here!
There isn't anything here!
There isn't anything here!
You start putting on your armour.
You continue putting on your embroidered hat. x4
You finish putting on your +2 hat.
Health restored: 33 Really walk into a travel-excluded area? [Y]es or [N]o only, please.
Really walk into a travel-excluded area?
An adder comes into view.
The adder hisses angrily.
Terence shouts!
You claw the adder! The adder barely misses you.
You barely miss the adder. The adder completely misses you.
You miss the adder. The adder bites you but does no damage.
You scratch the adder. The adder bites you. x2
You take 4 damage, and have 29/33 hp.
You closely miss the adder. The adder barely misses you.
You miss the adder. The adder barely misses you.
You miss the adder. The adder bites you but does no damage.
You scratch the adder.
You kill the adder!
You scratch Terence but do no damage. Terence closely misses you.
You scratch Terence but do no damage. You claw Terence. You claw Terence!
Terence hits you but does no damage.
You scratch Terence but do no damage.
Terence hits you with a mace of protection.
You take 3 damage, and have 26/33 hp.
You scratch Terence but do no damage.
Terence hits you with a mace of protection!
You take 9 damage, and have 17/33 hp.
MASSIVE DAMAGE!!
You closely miss Terence. Terence barely misses you.
You scratch Terence but do no damage. You scratch Terence but do no damage.
Terence hits you with a mace of protection!
You take 7 damage, and have 10/33 hp.
MASSIVE DAMAGE!!
Terence screams, "I'm going to kill you!"
As you read the scroll labeled QOSAPE VUENAHE, it crumbles to dust.
You feel as if something is helping you.
It was a scroll of remove curse.
Terence hits you but does no damage.
Eat one of 2 chunks of flesh {@w0}? (ye/n/q)
You start eating one of the 2 chunks of flesh {@w0}.
Terence hits you with a mace of protection!
You die...

.÷.# #######.#.#...# ...#
..............# ...#
######.#.#..># ...# #.#.#.#.#
...# #.#...#.# ...#####.#
#.#####.# .........# #.# #.#
..#####################.# #.#
...............@@.......# #.#
#####################.#######.#
#.........# ###########


You could see Terence.

Vanquished Creatures
  An adder (D:2)
  A worm (D:2)
  A dart slug (D:1)
  3 goblins (D:1)
  4 hobgoblins (D:1)
  A ball python (D:2)
  6 bats
  A frilled lizard (D:1)
  2 kobolds (D:1)
  5 rats
25 creatures vanquished.

Notes
Turn   | Place    | Note
-------+----------+-------------------------------------------
     0 | D:1      | witty the Ghoul Monk began the quest for the Orb.
     0 | D:1      | Reached XP level 1. HP: 19/19 MP: 0/0
   142 | D:1      | Reached XP level 2. HP: 25/25 MP: 1/1
   525 | D:1      | Reached skill level 4 in Fighting
   729 | D:2      | Reached XP level 3. HP: 23/33 MP: 2/2
   845 | D:2      | Noticed Terence
   858 | D:2      | Reached skill level 4 in Unarmed Combat
   932 | D:2      | Slain by Terence

Vault maps used:
D:1:      co_arrival_square_in_a_square_in_a_square
D:2:      grunt_temple_overflow_opulence, ecumenical_altar_2,
          minmay_misc_feat_more_columns, uniq_terence

Skill      XL: |  1  2  3 |
---------------+----------+-----
Fighting       | 4 |  4.1
Unarmed Combat | 4 |  4.1
Dodging        | |  2.6
Stealth        | |  2.1

Action                   || total
-------------------------++-------
Melee: Unarmed           ||    91
       Punch             ||     1
  Use: Scroll            ||     1
 Stab: Sleeping          ||     3
  Eat: Chunk             ||    11
Armor: Robe              ||    16
Dodge: Dodged            ||    43

Vault maps used:
D:1:      co_arrival_square_in_a_square_in_a_square
D:2:      grunt_temple_overflow_opulence, ecumenical_altar_2,
          minmay_misc_feat_more_columns, uniq_terence

Table legend:
 A = Turns spent in this place as a percentage of turns spent in the entire game.
 B = Non-inter-level travel turns spent in this place as a percentage of non-inter-level travel turns spent in the entire game.
 C = Inter-level travel turns spent in this place as a percentage of turns spent in this place.
 D = Turns resting spent in this place as a percentage of non-inter-level travel turns spent in this place.
 E = Turns spent auto-exploring this place as a percentage of non-inter-level travel turns spent in this place.
 F = Non-inter-level travel turns spent in this place divided by the number of levels of this place that you've seen.
                   A       B       C       D       E      F
               +-------+-------+-------+-------+-------+----------------------
         Total | 100.0 | 100.0 |   0.2 |   0.5 |   8.1 | 209.5
       Dungeon | 100.0 | 100.0 |   0.2 |   0.5 |   8.1 | 209.5
               +-------+-------+-------+-------+-------+----------------------

Table legend:
 A = Kills in this place as a percentage of kills in entire the game.
 B = Kills by you in this place as a percentage of kills by you in the entire game.
 C = Kills by friends in this place as a percentage of kills by friends in the entire game.
 D = Other kills in this place as a percentage of other kills in the entire game.
 E = Experience gained in this place as a percentage of experience gained in the entire game.
 F = Experience gained in this place divided by the number of levels of this place that you have seen.
                   A       B       C       D       E      F
               +-------+-------+-------+-------+-------+----------------------
         Total | 100.0 | 100.0 |  -nan |  -nan | 100.0 |  28.0
       Dungeon | 100.0 | 100.0 |  -nan |  -nan | 100.0 |  28.0
               +-------+-------+-------+-------+-------+----------------------
